 Dungeon Crawl Stone Soup version 0.28.0-43-g3370ac3207 (webtiles) character file.

Game seed: 3939250384786295703

111 Peloso the Shield-Bearer (level 4, -1/40 HPs)
             Began as a Minotaur Fighter on Mar 14, 2022.
             Succumbed to a goblin's poison
             ... on level 2 of the Dungeon.
             The game lasted 00:01:53 (1207 turns).

Peloso the Shield-Bearer (Minotaur Fighter)         Turns: 1207, Time: 00:01:54

Health: -1/40      AC:  7    Str: 21    XL:     4   Next: 62%
Magic:  3/3        EV:  9    Int:  5    God:
Gold:   26         SH:  5    Dex: 11    Spells: 3/3 levels left

rFire   . . .      SeeInvis .   a - +0 long sword
rCold   . . .      Faith    .   c - +0 buckler
rNeg    . . .      Spirit   .   b - +0 scale mail
rPois   .          Reflect  .   (helmet restricted)
rElec   .          Harm     .   (no cloak)
rCorr   .          Rampage  .   (no gloves)
Will    .....                   (no boots)
Stlth   ..........              (no amulet)
HPRegen 0.13/turn               (no ring)
MPRegen 0.08/turn               (no ring)

@: lethally poisoned (-1 -> -12)
A: horns 2, retaliatory headbutt
a: no special abilities


You were on level 2 of the Dungeon.
You visited 1 branch of the dungeon, and saw 2 of its levels.

You collected 26 gold pieces.

Inventory:

Hand Weapons
 a - a +0 long sword (weapon)
Armour
 b - a +0 scale mail (worn)
 c - a +0 buckler (worn)
Jewellery
 h - a ring of fire
Scrolls
 f - 2 scrolls of vulnerability {unknown}
 g - 2 scrolls of fear {unknown}
Potions
 d - a potion of might


   Skills:
 + Level 4.0 Fighting
 + Level 3.9 Long Blades
 + Level 4.4 Armour
 + Level 0.7 Dodging
 + Level 4.6 Shields


You had 3 spell levels left.
You didn't know any spells.
Your spell library contained the following spells:

 Spells                   Type           Power      Damage    Failure   Level
 Magic Dart               Conj           0%         1d3       88%         1
 Call Imp                 Summ           0%         N/A       95%         2
 Mephitic Cloud           Conj/Pois/Air  0%         N/A       99%         3


Dungeon Overview and Level Annotations

Branches:
Dungeon (2/15)

Altars:

Shops:
D:1 =

Annotations:
D:2 Robin


Innate Abilities, Weirdness & Mutations

You have a pair of horns on your head.
You reflexively headbutt those who attack you in melee.


Message History

You are more poisoned.
You closely miss the goblin.
You feel very sick.
The goblin hits you with a +0 dagger of venom.
You are more poisoned.
Robin throws the goblin at you!
You completely miss the goblin. Your headbutt misses the goblin.
You feel very sick.
A goblin comes into view. It is wielding a +0 club.
The goblin closely misses you. You furiously retaliate!
You headbutt the goblin.
You kill the goblin!
The goblin hits you with a +0 dagger of venom.
You are lethally poisoned!
It was a potion of heal wounds.
You feel much better.
You feel extremely sick.
The goblin shouts!
The goblin hits you but does no damage.
You are lethally poisoned!
A hobgoblin comes into view.
You feel extremely sick.
Things that are here:
a +0 dagger; a goblin corpse You feel very sick.
* * * LOW HITPOINT WARNING * * *
You feel very sick.
* * * LOW HITPOINT WARNING * * *
You feel very sick.
* * * LOW HITPOINT WARNING * * *
You feel very sick.
* * * LOW HITPOINT WARNING * * *
You feel sick.
You closely miss the goblin.
* * * LOW HITPOINT WARNING * * *
You feel very sick. The goblin hits you but does no damage.
You are more poisoned.
You closely miss the goblin. You headbutt the goblin.
The goblin is severely wounded.
You die...

### #.###########
#...........#########.#
#.#########.#..)ggg.g.#
#†# #.#g#######g# #.#
#.#g#####<# #.#
####.#g......# #.#
#.....@..###.#
##.######........#####
###....................#
..#..#######.#......##.#
#.#..........>..........
#.#.#######....#..#.##.#
#.#†#.. ......#....# #
#.#.#.######...##.###
..#'#.............#


You could see a hobgoblin (strong) and 2 goblins.

Vanquished Creatures
  Natasha (thrice) (D:2)
  2 dart slugs
  3 ball pythons
  3 endoplasms
  A giant cockroach (D:1)
  4 goblins
  4 hobgoblins (D:1)
  A quokka (D:1)
  5 bats (D:1)
  3 frilled lizards (D:1)
  2 kobolds (D:1)
  2 rats (D:1)
33 creatures vanquished.

Notes
Turn   | Place    | Note
-------+----------+-------------------------------------------
     0 | D:1      | Peloso the Minotaur Fighter began the quest for the Orb.
     0 | D:1      | Reached XP level 1. HP: 19/19 MP: 0/0
   209 | D:1      | Reached XP level 2. HP: 27/27 MP: 1/1
   919 | D:1      | Found Ruic's Jewellery Emporium.
   949 | D:1      | Reached XP level 3. HP: 33/33 MP: 2/2
  1073 | D:2      | Noticed Natasha
  1085 | D:2      | Killed Natasha
  1091 | D:2      | Noticed Natasha
  1097 | D:2      | Killed Natasha
  1098 | D:2      | Reached XP level 4. HP: 40/40 MP: 3/3
  1115 | D:2      | Noticed Natasha
  1122 | D:2      | Killed Natasha
  1193 | D:2      | Noticed Robin
  1206 | D:2      | HP: 2/40 [poisoned by a goblin]
  1207 | D:2      | Succumbed to a goblin's poison

Illustrated notes

Levels and vault maps discovered:
D:1:      matt_arrival_grand_opening, layout_basic, serial_shops,
          nicolae_shop_temple_entry_statues_fountains
D:2:      layout_basic, hellmonk_ecumenical_altar_lost_god, uniq_jessica,
          uniq_robin, uniq_natasha, uniq_terence

Skill      XL: |  1  2  3 |
---------------+----------+-----
Shields        | 4 |  4.6
Armour         | 4 |  4.4
Long Blades    | 3 |  3.9
Fighting       | 4 |  4.0
Dodging        | |  0.7

Action                   |  1- 3 |  4- 6 || total
-------------------------+-------+-------++-------
Melee: Long sword        |    62 |    11 ||    73
       Headbutt          |     8 |     2 ||    10
  Use: Scroll            |     1 |       ||     1
       Potion            |       |     1 ||     1
Armor: Scale mail        |    35 |     5 ||    40
Dodge: Dodged            |    27 |     6 ||    33
Block: Buckler           |    19 |     1 ||    20
